% Time on Ice - EDMONTON ICE
Lines # - Real PCT - Wanted PCT - Time Play
Normal Forward
1 - 36% - 37% - 17:09
2 - 34% - 34% - 16:24
3 - 23% - 23% - 10:50
4 - 8% - 6% - 3:37
Normal Defense
1 - 34% - 37% - 16:13
2 - 38% - 33% - 18:17
3 - 26% - 23% - 12:23
4 - 2% - 7% - 1:07
PP Forward
1 - 53% - 55% - 4:16
2 - 47% - 45% - 3:46
PP Defense
1 - 54% - 55% - 4:21
2 - 46% - 45% - 3:41
PK Forward
1 - 76% - 57% - 3:00
2 - 24% - 43% - 0:58
PK Defense
1 - 63% - 57% - 2:31
2 - 37% - 43% - 1:27
PK3 Forward
1 - 0% - 55%
2 - 0% - 45%
PK3 Defense
1 - 0% - 55%
2 - 0% - 45%
44 Forward
1 - 0% - 55%
2 - 0% - 45%
44 Defense
1 - 0% - 55%
2 - 0% - 45%
Last Minute Offensive  - 0:00
Last Minute Defensive  - 0:00
Total
Forward - 60:00
Defense - 60:00
% Time on Ice - REGINA FALCONS
Lines # - Real PCT - Wanted PCT - Time Play
Normal Forward
1 - 37% - 36% - 17:36
2 - 34% - 34% - 16:25
3 - 22% - 24% - 10:36
4 - 7% - 6% - 3:23
Normal Defense
1 - 37% - 38% - 17:58
2 - 34% - 34% - 16:12
3 - 18% - 18% - 8:33
4 - 11% - 10% - 5:17
PP Forward
1 - 57% - 55% - 2:15
2 - 43% - 45% - 1:43
PP Defense
1 - 54% - 55% - 2:08
2 - 46% - 45% - 1:50
PK Forward
1 - 58% - 55% - 3:38
2 - 42% - 45% - 2:36
PK Defense
1 - 44% - 55% - 2:45
2 - 56% - 45% - 3:29
PK3 Forward
1 - 66% - 55% - 1:11
2 - 34% - 45% - 0:37
PK3 Defense
1 - 91% - 55% - 1:38
2 - 9% - 45% - 0:10
44 Forward
1 - 0% - 55%
2 - 0% - 45%
44 Defense
1 - 0% - 55%
2 - 0% - 45%
Last Minute Offensive  - 0:00
Last Minute Defensive  - 0:00
Total
Forward - 60:00
Defense - 60:00
Play-by-Play 1st period 0:01 of 1st period - Ryan Getzlaf wins face-off versus Ryan O'Reilly in neutral zone. 1:33 of 1st period - Shot by Mikael Backlund. 1:33 of 1st period - Shot Misses the Net. 1:35 of 1st period - Shot by Anton Stralman. 1:35 of 1st period - Shot Blocked by Shea Theodore. 1:37 of 1st period - Shot by Anton Stralman. 1:37 of 1st period - Shot Misses the Net. 1:45 of 1st period - Shot by Max Pacioretty. 1:45 of 1st period - Stopped by Philipp Grubauer without a rebound. 1:46 of 1st period - Derick Brassard wins face-off versus Mikko Koivu in EDMONTON ICE zone. 1:47 of 1st period - Shot by Filip Zadina. 1:47 of 1st period - Stopped by Philipp Grubauer without a rebound. 1:48 of 1st period - Mikko Koivu wins face-off versus Derick Brassard in EDMONTON ICE zone. 2:06 of 1st period - Corey Perry is hit by Jack Johnson and loses puck. 2:18 of 1st period - Icing by Calvin De Haan. 2:19 of 1st period - Mikael Backlund wins face-off versus Mikko Koivu in EDMONTON ICE zone. 2:19 of 1st period - Max Pacioretty is hit by Jack Johnson and loses puck. 2:28 of 1st period - Shot by Max Pacioretty. 2:28 of 1st period - Shot Misses the Net. 2:34 of 1st period - Shot by Mikael Backlund. 2:34 of 1st period - Shot Misses the Net. 2:37 of 1st period - Icing by Ondrej Kase. 2:38 of 1st period - Boone Jenner wins face-off versus Ryan Getzlaf in EDMONTON ICE zone. 3:21 of 1st period - Icing by Ryan Graves. 3:22 of 1st period - Derick Brassard wins face-off versus Ryan O'Reilly in EDMONTON ICE zone. 3:29 of 1st period - Shot by Derick Brassard. 3:29 of 1st period - Shot Misses the Net. 3:45 of 1st period - Shot by Anthony Mantha. 3:45 of 1st period - Goal by Anthony Mantha - EDMONTON ICE : 1 - REGINA FALCONS : 0. 3:46 of 1st period - Mikael Backlund wins face-off versus Joel Eriksson Ek in neutral zone. 3:57 of 1st period - Shot by Max Pacioretty. 3:57 of 1st period - Shot Misses the Net. 4:29 of 1st period - Shot by Patric Hornqvist. 4:29 of 1st period - Shot Misses the Net. 4:49 of 1st period - Denis Malgin is hit by Ivan Barbashev and loses puck. 5:29 of 1st period - Ryan O'Reilly is hit by Brenden Dillon and loses puck. 5:42 of 1st period - Shot by Ryan O'Reilly. 5:42 of 1st period - Stopped by Tristan Jarry with a rebound. 5:50 of 1st period - Shot by Ryan O'Reilly. 5:50 of 1st period - Stopped by Tristan Jarry with a rebound. 5:52 of 1st period - Shot by Anthony Mantha. 5:52 of 1st period - Shot Misses the Net. 5:55 of 1st period - Minor Penalty to Brenden Dillon for Tripping. 5:56 of 1st period - Ryan O'Reilly wins face-off versus Ryan Getzlaf in REGINA FALCONS zone. 7:13 of 1st period - Shot by Anthony Mantha. 7:13 of 1st period - Stopped by Tristan Jarry with a rebound. 7:34 of 1st period - Icing by Ryan Graves. 7:35 of 1st period - Ryan O'Reilly wins face-off versus Ryan Getzlaf in EDMONTON ICE zone. 7:49 of 1st period - Shot by Ryan Graves. 7:49 of 1st period - Shot Blocked by Ivan Provorov. 7:51 of 1st period - Shot by Ryan Graves. 7:51 of 1st period - Stopped by Tristan Jarry without a rebound. 7:52 of 1st period - Joel Eriksson Ek wins face-off versus Denis Malgin in REGINA FALCONS zone. 8:14 of 1st period - Shot by Max Pacioretty. 8:14 of 1st period - Shot Hit the Post. 8:34 of 1st period - Calvin De Haan is hit by Jonathan Audy-Marchessault and loses puck. 8:50 of 1st period - Off-side. 8:51 of 1st period - Joel Eriksson Ek wins face-off versus Ryan Getzlaf in neutral zone. 9:17 of 1st period - Shot by Timo Meier. 9:17 of 1st period - Shot Blocked by Ivan Provorov. 10:06 of 1st period - Shot by Ryan O'Reilly. 10:06 of 1st period - Shot Misses the Net. 10:08 of 1st period - Shot by Ryan Graves. 10:08 of 1st period - Shot Misses the Net. 10:10 of 1st period - Shot by Ryan O'Reilly. 10:10 of 1st period - Stopped by Tristan Jarry without a rebound. 10:11 of 1st period - Mikko Koivu wins face-off versus Derick Brassard in REGINA FALCONS zone. 10:17 of 1st period - Mikko Koivu is hit by Brenden Dillon and loses puck. 10:28 of 1st period - Shot by Ondrej Kase. 10:28 of 1st period - Shot Misses the Net. 10:30 of 1st period - Shot by Calvin De Haan. 10:30 of 1st period - Shot Misses the Net. 11:07 of 1st period - Icing by Jack Johnson. 11:08 of 1st period - Mikko Koivu wins face-off versus Mikael Backlund in EDMONTON ICE zone. 11:08 of 1st period - Mikko Koivu is hit by Jonathan Audy-Marchessault. 11:32 of 1st period - Icing by Anton Stralman. 11:33 of 1st period - Joel Eriksson Ek wins face-off versus Mikael Backlund in REGINA FALCONS zone. 11:33 of 1st period - Shea Theodore is hit by Brandon Carlo and loses puck. 11:39 of 1st period - Off-side. 11:40 of 1st period - Ryan O'Reilly wins face-off versus Ryan Getzlaf in neutral zone. 12:13 of 1st period - Shot by Ryan O'Reilly. 12:13 of 1st period - Deflect By Jaden Schwartz. 12:13 of 1st period - Stopped by Tristan Jarry without a rebound. 12:14 of 1st period - Joel Eriksson Ek wins face-off versus Derick Brassard in REGINA FALCONS zone. 12:20 of 1st period - Icing by Anton Stralman. 12:21 of 1st period - Joel Eriksson Ek wins face-off versus Filip Zadina in REGINA FALCONS zone. 12:58 of 1st period - Shot by Timo Meier. 12:58 of 1st period - Shot Misses the Net. 13:33 of 1st period - Shot by Ryan Getzlaf. 13:33 of 1st period - Stopped by Philipp Grubauer without a rebound. 13:34 of 1st period - Mikael Backlund wins face-off versus Ryan O'Reilly in EDMONTON ICE zone. 14:05 of 1st period - Shot by Max Pacioretty. 14:05 of 1st period - Shot Misses the Net. 14:35 of 1st period - Icing by Brent Burns. 14:36 of 1st period - Ryan Getzlaf wins face-off versus Mikko Koivu in REGINA FALCONS zone. 14:58 of 1st period - Shot by Mikko Koivu. 14:58 of 1st period - Shot Misses the Net. 15:11 of 1st period - Off-side. 15:12 of 1st period - Derick Brassard wins face-off versus Joel Eriksson Ek in neutral zone. 15:25 of 1st period - Shot by Brandon Carlo. 15:25 of 1st period - Stopped by Philipp Grubauer with a rebound. 15:46 of 1st period - Icing by Colton Parayko. 15:47 of 1st period - Joel Eriksson Ek wins face-off versus Mikael Backlund in EDMONTON ICE zone. 15:58 of 1st period - Shot by Max Pacioretty. 15:58 of 1st period - Stopped by Philipp Grubauer with a rebound. 16:51 of 1st period - Shot by David Pastrnak. 16:51 of 1st period - Shot Blocked by Ryan Graves. 16:53 of 1st period - Shot by Ryan Getzlaf. 16:53 of 1st period - Shot Misses the Net. 16:55 of 1st period - Shot by Jonathan Miller. 16:55 of 1st period - Shot Blocked by Jeff Petry. 17:02 of 1st period - Jonathan Miller is hit by Jeff Petry and loses puck. 17:18 of 1st period - Icing by Ryan Graves. 17:19 of 1st period - Derick Brassard wins face-off versus Ryan O'Reilly in EDMONTON ICE zone. 17:28 of 1st period - Shot by Corey Perry. 17:28 of 1st period - Shot Blocked by Ryan Graves. 17:36 of 1st period - Marc-Edouard Vlasic is hit by Anthony Mantha and loses puck. 18:23 of 1st period - Shot by Jonathan Audy-Marchessault. 18:23 of 1st period - Deflect By Max Pacioretty. 18:23 of 1st period - Shot Misses the Net. 18:41 of 1st period - Ondrej Kase is hit by Mikael Backlund and loses puck. 19:14 of 1st period - Shea Theodore is hit by Brandon Carlo. 19:27 of 1st period - Minor Penalty to Brandon Carlo for Slashing. 19:28 of 1st period - Ryan O'Reilly wins face-off versus Denis Malgin in REGINA FALCONS zone. 19:37 of 1st period - Shot by Timo Meier. 19:37 of 1st period - Shot Blocked by Brenden Dillon. 19:38 of 1st period - Minor Penalty to Brenden Dillon for Charging. 19:39 of 1st period - Joel Eriksson Ek wins face-off versus Denis Malgin in REGINA FALCONS zone. 19:57 of 1st period - Off-side. 19:58 of 1st period - Ryan O'Reilly wins face-off versus Denis Malgin in neutral zone. Goals for this period are 1 for EDMONTON ICE vs 0 for REGINA FALCONS. Shots for this period are 7 for EDMONTON ICE vs 5 for REGINA FALCONS. 2nd period 0:01 of 2nd period - Denis Malgin wins face-off versus Patric Hornqvist in neutral zone. 1:30 of 2nd period - Shot by Jaden Schwartz. 1:30 of 2nd period - Shot Hit the Post. 1:32 of 2nd period - Shot by Anthony Mantha. 1:32 of 2nd period - Goal by Anthony Mantha - EDMONTON ICE : 2 - REGINA FALCONS : 0. 1:33 of 2nd period - Mikko Koivu wins face-off versus Mikael Backlund in neutral zone. 2:27 of 2nd period - Shot by Anthony Mantha. 2:27 of 2nd period - Shot Misses the Net. 2:32 of 2nd period - Jonathan Audy-Marchessault is hit by Anthony Mantha and loses puck. 2:54 of 2nd period - Shot by Anthony Mantha. 2:54 of 2nd period - Stopped by Tristan Jarry without a rebound. 2:55 of 2nd period - Joel Eriksson Ek wins face-off versus Derick Brassard in REGINA FALCONS zone. 2:55 of 2nd period - Timo Meier is hit by Ivan Provorov. 3:03 of 2nd period - Shot by Patric Hornqvist. 3:03 of 2nd period - Stopped by Tristan Jarry without a rebound. 3:04 of 2nd period - Ryan Getzlaf wins face-off versus Joel Eriksson Ek in REGINA FALCONS zone. 3:31 of 2nd period - Shot by Ryan Getzlaf. 3:31 of 2nd period - Shot Blocked by Ryan Graves. 3:33 of 2nd period - Shot by Jonathan Miller. 3:33 of 2nd period - Stopped by Philipp Grubauer without a rebound. 3:34 of 2nd period - Ryan O'Reilly wins face-off versus Derick Brassard in EDMONTON ICE zone. 3:51 of 2nd period - Shot by Anthony Mantha. 3:51 of 2nd period - Deflect By Ryan O'Reilly. 3:51 of 2nd period - Stopped by Tristan Jarry with a rebound. 3:53 of 2nd period - Shot by Jack Johnson. 3:53 of 2nd period - Stopped by Tristan Jarry with a rebound. 3:55 of 2nd period - Shot by Anthony Mantha. 3:55 of 2nd period - Shot Blocked by Filip Zadina. 4:48 of 2nd period - Minor Penalty to Ivan Provorov for High sticking. 4:49 of 2nd period - Denis Malgin wins face-off versus Ryan O'Reilly in REGINA FALCONS zone. 5:12 of 2nd period - Off-side. 5:13 of 2nd period - Joel Eriksson Ek wins face-off versus Matt Martin in neutral zone. 6:18 of 2nd period - Shot by Shea Theodore. 6:18 of 2nd period - Deflect By Timo Meier. 6:18 of 2nd period - Shot Misses the Net. 6:20 of 2nd period - Shot by Jeff Petry. 6:20 of 2nd period - Shot Misses the Net. 6:22 of 2nd period - Shot by Ryan O'Reilly. 6:22 of 2nd period - Shot Misses the Net. 6:40 of 2nd period - Shot by Timo Meier. 6:40 of 2nd period - Stopped by Tristan Jarry without a rebound. 6:41 of 2nd period - Joel Eriksson Ek wins face-off versus Mikael Backlund in REGINA FALCONS zone. 6:48 of 2nd period - Shot by Anthony Mantha. 6:48 of 2nd period - Stopped by Tristan Jarry without a rebound. 6:49 of 2nd period - Mikael Backlund wins face-off versus